 Dungeon Crawl Stone Soup version 0.28-a0-728-g0181a31188 (webtiles) character file.

Game seed: 6939040865141197465

54 MirrMurr the Sneak (level 3, -2/16 HPs)
             Began as a Spriggan Enchanter on Oct 28, 2021.
             Slain by Grinder (8 damage)
             ... on level 3 of the Dungeon.
             The game lasted 00:03:59 (2744 turns).

MirrMurr the Sneak (Spriggan Enchanter)             Turns: 2744, Time: 00:03:59

Health: -2/16      AC:  2    Str:  5    XL:     3   Next: 66%
Magic:  5/8        EV: 17    Int: 16    God:
Gold:   76         SH:  0    Dex: 15    Spells: 2/7 levels left

rFire   . . .      SeeInvis +   a - +1 dagger (speed)
rCold   . . .      Faith    .   (shield restricted)
rNeg    . . .      Spirit   .   b - +0 robe
rPois   .          Reflect  .   (helmet restricted)
rElec   .          Harm     .   (no cloak)
rCorr   .          Rampage  .   (gloves unavailable)
Will    .....                   (boots unavailable)
Stlth   +++.......              (no amulet)
HPRegen 0.05/turn               (no ring)
MPRegen 0.11/turn               (no ring)

@: very quick
A: very small, no large weapons, unfitting armour, see invisible, speed 3
a: no special abilities


You were on level 3 of the Dungeon.
You visited 1 branch of the dungeon, and saw 3 of its levels.

You collected 76 gold pieces.

Inventory:

Hand Weapons
 a - a +1 dagger of speed (weapon)
 w - a +1 dagger
Missiles
 g - 63 stones (quivered)
Armour
 b - a +0 robe (worn)
Scrolls
 e - 2 scrolls of noise {unknown}
 h - a scroll of teleportation {unknown}
 k - a scroll of vulnerability {unknown}
 l - a scroll of brand weapon {unknown}
 m - a scroll of enchant weapon {unknown}
 n - a scroll of fog {unknown}
Potions
 c - a potion of invisibility
 d - a potion of brilliance
 f - a potion of resistance
 i - a potion of haste {unknown}
 j - 3 potions of curing


   Skills:
 + Level 2.9 Short Blades
 - Level 2.6 Dodging
 + Level 6.0 Stealth
 - Level 2.6 Spellcasting
 - Level 3.6 Hexes


You had 2 spell levels left.
You knew the following spells:

 Your Spells              Type           Power      Damage    Failure   Level
a - Ensorcelled Hibernat  Hex/Ice        14%        N/A       14%         2
b - Confusing Touch       Hex            13%        N/A       13%         3

Your spell library contained the following spells:

 Spells                   Type           Power      Damage    Failure   Level
 Tukima's Dance           Hex            13%        N/A       13%         3
 Dazzling Flash           Conj/Hex       14%        N/A       28%         3


Dungeon Overview and Level Annotations

Branches:
Dungeon (3/15)

Altars:
Xom
The Shining One

Shops:
D:1 !

Annotations:
D:3 1 transporter, Grinder


Innate Abilities, Weirdness & Mutations

You are very small and have problems with some larger weapons.
You are too small for most types of armour.
You have supernaturally acute eyesight. (SInv)
You cover ground extremely quickly. (Speed+++)


Message History

Found a glowing golden altar of the Shining One.
A worm comes into view.
The helpless worm fails to defend itself.
You impale the worm!!
You kill the worm!
Your Stealth skill increases to level 6!
You see here a worm corpse.
You open the door.
Found a hazy altar of Hepliaklqana.
There is an open door here.
Found a stormy altar of Qazlal and an iron altar of Okawaru.
Found three altars.
The altar is a mimic!
The altar mimic giggles and vanishes in a puff of smoke!
The altar is a mimic!
The altar mimic titters and vanishes in a puff of smoke!
The altar is a mimic!
The altar mimic chuckles and vanishes in a puff of smoke!
The altar is a mimic!
The altar mimic guffaws and vanishes in a puff of smoke!
The altar is a mimic!
The altar mimic titters and vanishes in a puff of smoke!
There is a shimmering altar of Xom here.
There is an open door here.
Grinder comes into view.
Found 8 gold pieces.
Casting: Ensorcelled Hibernation (safe; 14% risk of failure)
Confirm with . or Enter, or press ? or * to list all spells.
The spell is potentially lethal to cast (13% risk of failure)!
Continue anyway?
Your hands begin to glow red.
Grinder blinks!
You closely miss Grinder. Grinder closely misses you.
You hit Grinder but do no damage. You barely miss Grinder. Grinder hits you!
Ouch! That really hurt!
You are too injured to fight recklessly!
You are too injured to fight recklessly!
You hit Grinder but do no damage.
Grinder appears confused.
You hit Grinder but do no damage. Grinder hits you!
Ouch! That really hurt!
You die...

###..##....###.#...#########.....
#....##.#.## #..............####.
####.##.#.# ###.###.######.# #.
#.........# #.###.# #.# #.
#.##.#....# #..##.######.# ##
..##.#<.###### #............# #
####.#.........#..##.############
#.#.#########.5##.# #.....
#....##### #@.#### #.####
###......#$.......# #
#.######.######.# ### #.###### #
... #......# ### ######## . #


You could see Grinder (confused).

Vanquished Creatures
  An adder (D:2)
  A worm (D:3)
  A dart slug (D:1)
  4 endoplasms
  A giant cockroach (D:1)
  9 goblins
  6 hobgoblins
  2 kobolds (D:1)
  A quokka (D:1)
  3 ball pythons (D:1)
  A bat (D:1)
  A frilled lizard (D:1)
  5 rats
36 creatures vanquished.

Vanquished Creatures (others)
  85 plants
85 creatures vanquished.

Grand Total: 121 creatures vanquished

Notes
Turn   | Place    | Note
-------+----------+-------------------------------------------
     0 | D:1      | MirrMurr the Spriggan Enchanter began the quest for the
                  | Orb.
     0 | D:1      | Reached XP level 1. HP: 9/9 MP: 5/5
   134 | D:1      | Found Xunt's Distillery.
   352 | D:1      | Reached XP level 2. HP: 10/13 MP: 6/6
   430 | D:1      | Reached skill level 5 in Stealth
   612 | D:1      | Learned a level 2 spell: Ensorcelled Hibernation
  1532 | D:2      | Reached XP level 3. HP: 16/16 MP: 2/8
  1593 | D:2      | Learned a level 3 spell: Confusing Touch
  1827 | D:2      | Found a faded altar of an unknown god.
  2488 | D:3      | Found a transporter.
  2607 | D:3      | Found a glowing golden altar of the Shining One.
  2632 | D:3      | Reached skill level 6 in Stealth
  2683 | D:3      | Found a hazy altar of Hepliaklqana.
  2685 | D:3      | Found a stormy altar of Qazlal.
  2685 | D:3      | Found an iron altar of Okawaru.
  2687 | D:3      | Found an opulent altar of Gozag.
  2687 | D:3      | Found a burning altar of Makhleb.
  2687 | D:3      | Found a shimmering altar of Xom.
  2738 | D:3      | Noticed Grinder
  2744 | D:3      | Slain by Grinder

Illustrated notes

Levels and vault maps discovered:
D:1:      roderic_crop_circles_arrival_small, layout_rooms, serial_shops, shop
D:2:      layout_basic, hellmonk_ecumenical_altar_arch_garden,
          chequers_serial_rivers_micro_b, minmay_crystal_water, hex_medium
D:3:      layout_loops_ring, mainiacjoe_overflow_alcove_1, doesnt_xom_only_xom,
          gammafunk_ghost_gnarly_gnolls, st_stairs_12,
          wad_floor_pattern_untrapped, hangedman_decor_riveting,
          bh_walls_and_bars, uniq_grinder

Skill      XL: |  1  2  3 |
---------------+----------+-----
Stealth        | 5 6 |  6.0
Short Blades   | 2 |  2.9
Dodging        | |  2.6
Spellcasting   | |  2.6
Hexes          | |  3.6

Action                   || total
-------------------------++-------
Melee: Dagger            ||   119
 Cast: Ensorcelled Hiber ||     4
       Confusing Touch   ||     1
  Use: Scroll            ||     3
 Stab: Sleeping          ||    17
Armor: Robe              ||     1
Dodge: Dodged            ||    66

Table legend: (Time is in decaauts)
 A = Elapsed time spent in this place.
 B = Non-inter-level travel time spent in this place.
 C = Inter-level travel time spent in this place.
 D = Time resting spent in this place.
 E = Time spent auto-exploring this place.
 F = Levels seen in this place.
 G = Mean time per level.
                   A        B        C        D        E       F      G
               +--------+--------+--------+--------+--------+-----+--------+
         Total |   2170 |   2137 |     33 |    165 |   1637 |   3 |  723.3 |
       Dungeon |   2170 |   2137 |     33 |    165 |   1637 |   3 |  723.3 |
               +--------+--------+--------+--------+--------+-----+--------+

Top non-repeatable levels by time:
     D:1: 1128 daAuts
     D:2: 597 daAuts
     D:3: 443 daAuts
